 Dungeon Crawl Stone Soup version 0.29.1-12-g30fa7ad0bf (webtiles) character file.

Game seed: 1133670809186080770

398 styxcanada the Covert (level 6, -5/30 HPs)
             Began as a Spriggan Brigand on Dec 27, 2022.
             Slain by a hornet (11 damage)
             ... on level 5 of the Dungeon.
             The game lasted 00:19:39 (4400 turns).

styxcanada the Covert (Spriggan Brigand)            Turns: 4400, Time: 00:19:39

Health: -5/30      AC:  4    Str:  7    XL:     6   Next: 53%
Magic:  9/9        EV: 19    Int: 13    God:
Gold:   203        SH:  0    Dex: 18    Spells: 7/8 levels left

rFire   . . .      SeeInvis +   h - +0 sling
rCold   . . .      Faith    .   (no shield)
rNeg    . . .      Spirit   .   l - +1 robe {Will+}
rPois   .          Reflect  .   (helmet restricted)
rElec   .          Harm     .   c - +0 cloak
rCorr   .          Rampage  .   (gloves unavailable)
Will    ++...                   (boots unavailable)
Stlth   ++++......              (no amulet)
HPRegen 0.10/turn               (no ring)
MPRegen 0.11/turn               (no ring)

@: lethally poisoned (-5 -> -9), slowed, studying Dodging, quick
A: very small, no large weapons, unfitting armour, see invisible, speed 3
a: no special abilities


You were on level 5 of the Dungeon.
You visited 2 branches of the dungeon, and saw 6 of its levels.

You collected 203 gold pieces.

Inventory:

Hand Weapons
 a - a +3 dagger
 h - a +0 sling (weapon)
Missiles
 d - 5 poisoned darts
 e - 3 curare-tipped darts
 f - 5 boomerangs
 g - a boomerang of dispersal
 n - 27 stones
Armour
 c - a +0 cloak (worn)
 l - a +1 robe of willpower (worn)
Jewellery
 s - a ring of fire
Wands
 p - a wand of iceblast (2)
 r - a wand of mindburst (3)
Scrolls
 m - 2 scrolls of amnesia
 q - a scroll of teleportation
 u - a scroll of fog
Potions
 b - 2 potions of curing
 i - a potion of might
 j - 2 potions of haste
 k - a potion of attraction {unknown}
 o - a potion of lignification {unknown}
 t - a potion of flight {unknown}
 v - a potion of brilliance {unknown}


   Skills:
 * Level 2.2 Fighting
 + Level 3.2 Short Blades
 + Level 2.5 Throwing
 * Level 4.1 Dodging
 * Level 8.9 Stealth
 * Level 1.9 Spellcasting
 * Level 1.1 Conjurations
 * Level 1.6 Evocations


You had 7 spell levels left.
You knew the following spells:

 Your Spells              Type           Power      Damage    Failure   Level
a - Magic Dart            Conj           16%        1d3       16%         1

Your spell library contained the following spells:

 Spells                   Type           Power      Damage    Failure   Level
 Slow                     Hex            4%         N/A       26%         1
 Call Imp                 Summ           1%         N/A       36%         2
 Mephitic Cloud           Conj/Pois/Air  2%         N/A       54%         3
 Confusing Touch          Hex            1%         N/A       61%         3
 Vampiric Draining        Necr           1%         2d6       61%         3


Dungeon Overview and Level Annotations

Branches:
Dungeon (5/15)             Temple (1/1) D:4

Altars:
Ashenzari
Dithmenos
Elyvilon
Hepliaklqana
Nemelex Xobeh
Qazlal
Ru
Sif Muna
Trog
Uskayaw
Yredelemnul

Shops:
D:4 *


Innate Abilities, Weirdness & Mutations

You are very small and have problems with some larger weapons.
You are too small for most types of armour.
You have supernaturally acute eyesight. (SInv)
You cover ground extremely quickly. (Speed+++)


Message History

h - a +0 sling (weapon)
Fire: h) +0 sling
Press: ? - help, Q - select action, (/) - cycle Shift-Dir - straight line, f - ice beast
Aim: an ice beast (59% to hit)
You shoot a sling bullet.
The sling bullet hits the ice beast but does no damage.
A jelly comes into view.
Fire: h) +0 sling
Press: ? - help, Q - select action, (/) - cycle Shift-Dir - straight line, f/p - ice beast
Aim: an ice beast (59% to hit)
You shoot a sling bullet. The sling bullet hits the ice beast.
The ice beast is lightly wounded.
Unknown command.
Fire: h) +0 sling
Press: ? - help, Q - select action, (/) - cycle Shift-Dir - straight line, f/p - ice beast
Aim: an ice beast (lightly wounded, 59% to hit)
You shoot a sling bullet. The sling bullet hits the ice beast.
The ice beast is lightly wounded.
A hornet comes into view.
The hornet buzzes angrily.
Fire: h) +0 sling
Press: ? - help, Q - select action, (/) - cycle Shift-Dir - straight line, f/p - ice beast
Aim: an ice beast (lightly wounded, 59% to hit)
You shoot a sling bullet.
The sling bullet barely misses the ice beast.
Unknown command.
Found a stone staircase leading up.
The hornet stings you.
You are poisoned.
You feel yourself slow down.
You feel very sick. The hornet stings you!
* * * LOW HITPOINT WARNING * * *
You feel as though you will be slow longer.
You feel sick. The hornet attacks as you move away!
The hornet closely misses you.
You feel sick.
* * * LOW HITPOINT WARNING * * *
You feel sick. The hornet stings you!
You die...

.......######....######...
..##....#.............#.#
####....).......J####...#
##...#.###..#.## ##J.#
##>##))).....[# #..#
#.#.#.##..#.## #..#
#..###.#..#######..# #.##
#.........J..#### #.##
##...@y.Y......... # #.
#...##..##.#...... # #.
#.#.......#...###... ..
###.##..#.#^# .. ##
#.##........ . # #
#.##.#.### #.#<... ..# .#.


You could see a hornet, an ice beast and a jelly.

Vanquished Creatures
  A phantom (D:5)
  2 orc priests
  An iguana (D:4)
  An orc wizard (D:5)
  7 gnolls
  5 adders
  A worm (D:3)
  2 dart slugs
  14 orcs
  9 ball pythons
  6 bats
  4 endoplasms
  A giant cockroach (D:1)
  5 goblins
  14 hobgoblins
  A jackal (D:1)
  3 quokkas (D:4)
  3 frilled lizards
  4 kobolds
  5 rats
89 creatures vanquished.

Notes
Turn   | Place    | Note
-------+----------+-------------------------------------------
     0 | D:1      | styxcanada the Spriggan Brigand began the quest for the
                  | Orb.
     0 | D:1      | Reached XP level 1. HP: 10/10 MP: 2/2
    84 | D:1      | Reached skill level 6 in Stealth
   122 | D:1      | Reached XP level 2. HP: 14/14 MP: 3/3
   721 | D:1      | Reached skill level 7 in Stealth
   741 | D:1      | Reached XP level 3. HP: 11/18 MP: 4/4
  2184 | D:3      | Found a hazy altar of Hepliaklqana.
  2192 | D:3      | Learned a level 1 spell: Magic Dart
  2611 | D:3      | Reached XP level 4. HP: 23/23 MP: 5/5
  2637 | D:3      | Identified a scroll of acquirement
  2637 | D:3      | Acquired a manual of Dodging
  3078 | D:4      | Reached skill level 8 in Stealth
  3078 | D:4      | Reached XP level 5. HP: 15/26 MP: 5/7
  3270 | D:4      | Reached skill level 1 in Spellcasting
  3553 | D:4      | Reached skill level 1 in Evocations
  3774 | D:4      | Found a staircase to the Ecumenical Temple.
  3786 | Temple   | Entered the Ecumenical Temple
  3870 | D:4      | Found Junacw's General Store.
  4199 | D:5      | Entered Level 5 of the Dungeon
  4219 | D:5      | Noticed a phantom
  4238 | D:5      | Reached skill level 1 in Conjurations
  4250 | D:5      | Reached XP level 6. HP: 13/30 MP: 9/9
  4263 | D:5      | Noticed an ice beast
  4392 | D:5      | Noticed a hornet
  4400 | D:5      | Slain by a hornet

Illustrated notes

Levels and vault maps discovered:
D:1:      wander_arrival_chamber, layout_basic, st_stairs_11
D:2:      layout_basic, dreamdust_mushroom_princess, guppyfry_early_orc_mine
D:3:      wad_pebble_path, layout_basic, nicolae_hepliaklqana_hazy_memory
D:4:      layout_basic, minmay_temple_entry_statues_pillars, serial_shops,
          kennysheep_mini_moat
D:5:      layout_loops_ring, amcnicky_mini_pool_medium
Temple:   eino_temple_lava

Skill      XL: |  1  2  3  4  5  6 |
---------------+-------------------+-----
Stealth        | 6 7 8 |  8.9
Dodging        | 2 3 4 |  4.1
Spellcasting   | 1 |  1.9
Fighting       | 2 |  2.2
Evocations     | 1 |  1.6
Short Blades   | 3 |  3.2
Conjurations   | 1 |  1.1
Throwing       | |  2.5

Action                   |  1- 3 |  4- 6 || total
-------------------------+-------+-------++-------
Melee: Dagger            |   130 |    68 ||   198
       Punch             |     1 |     1 ||     2
 Fire: Sling             |       |     4 ||     4
Throw: Dart              |    34 |    20 ||    54
       Boomerang         |     1 |       ||     1
Evoke: Wand              |       |    11 ||    11
  Use: Scroll            |     5 |     5 ||    10
 Stab: Sleeping          |     9 |     9 ||    18
       Distracted        |       |     2 ||     2
Armor: Robe              |    13 |     9 ||    22
Dodge: Dodged            |    98 |    40 ||   138
